[Event "Team 45 45 League T25"]
[Site "Free Internet Chess Server"]
[Date "PST.01.0"]
[Round "4"]
[White "trener"]
[Black "geolas"]
[Result "1-0"]
[WhiteElo "1929"]
[BlackElo "1822"]
[TimeControl "2700+45"]

1. d4 f5 2. Nf3 e6 3. g3 Nf6 4. Bg2 Be7 5. c4 O-O 6. O-O d6 7. Nc3 a5 8. Qc2 Nc6 9. a3 e5 10. d5 Nb8 11. Rb1 f4 12. gxf4 Ng4 13. h3 exf4 14. hxg4 Bxg4 15. Nh2 Bh5 16. Be4 g6 17. Bf3 Bxf3 18. exf3 Qd7 19. Qe4 g5 20. Re1 Rf7 21. Qe6 Kf8 22. Nb5 Rf6 23. Qxd7 Nxd7 24. Nxc7 Rc8 25. Ne6+ Ke8 26. b3 Rg6 27. Bd2 b6 28. Nd4 Ne5 29. Re4 h5 30. Nb5 Kd7 31. Bc3 Bf6 32. Bxe5 Bxe5 33. Nd4 g4 34. fxg4 hxg4 35. Ne6 g3 36. fxg3 fxg3 37. Nf3 Rh8 38. Nxe5+ dxe5 39. Rxe5 g2 40. Nf8+ Rxf8 41. Re2 Rfg8 42. Rbb2 Re8 43. Rxe8 Kxe8 44. Rxg2 Rf6 45. Re2+ Kd7 46. Re6 Rxe6 47. dxe6+ Kxe6 48. Kf2 Ke5 49. Ke3 Ke6 50. Ke4 Kd6 51. Kd4 Kc6 52. b4 Kd6 53. b5 Kc7 54. Kd5 Kd7 55. a4 Kc7 56. Ke6 Kb8 57. Kd6 Ka8 58. Kc6 Ka7 59. Kc7 Ka8 60. c5   {Black resigns} 1-0

[Event "Team 45 45 League T25"]
[Site "Free Internet Chess Server"]
[Date "PST.01.0"]
[Round "4"]
[White "RomaLavrn"]
[Black "Berk"]
[Result "1-0"]
[WhiteElo "1782"]
[BlackElo "1688"]
[TimeControl "2700+45"]

1. c4 Nf6 2. Nc3 e6 3. e4 Bb4 4. e5 Bxc3 5. dxc3 Ne4 6. Qg4 d5 7. Qxg7 Rf8 8. Bh6 Nd7 9. Nf3 c6 10. cxd5 cxd5 11. Bb5   {Black resigns} 1-0

[Event "Team 45 45 League T25"]
[Site "Free Internet Chess Server"]
[Date "PST.01.0"]
[Round "4"]
[White "kballoloco"]
[Black "sacKING"]
[Result "0-1"]
[WhiteElo "1517"]
[BlackElo "1782"]
[TimeControl "2700+45"]

1. e4 e6 2. d4 d5 3. Nc3 Nf6 4. e5 Nfd7 5. f4 c5 6. Nf3 Nc6 7. Be3 a6 8. a4 cxd4 9. Nxd4 Bb4 10. Nxc6 bxc6 11. Bd2 O-O 12. Ne2 Bc5 13. Bc3 f6 14. exf6 Nxf6 15. Be5 Ne4 16. Nd4 Qh4+ 17. g3 Nxg3 18. hxg3 Qxh1 19. Qd2 a5 20. O-O-O Qh5 21. Nxc6 Bd7 22. Bb5 Bxc6 23. Bxc6 Qf3 24. Qh2 Be3+   {White resigns} 0-1

[Event "Team 45 45 League T25"]
[Site "Free Internet Chess Server"]
[Date "PST.01.0"]
[Round "4"]
[White "RussoTuristo"]
[Black "YOIULI"]
[Result "1/2-1/2"]
[WhiteElo "1839"]
[BlackElo "1901"]
[TimeControl "2700+45"]

1. e4 d6 2. d4 Nf6 3. Nc3 g6 4. f4 Bg7 5. Nf3 O-O 6. Bd3 c5 7. dxc5 dxc5 8. O-O Bg4 9. h3 Bxf3 10. Qxf3 Nc6 11. g4 c4 12. e5 cxd3 13. exf6 Bxf6 14. cxd3 e6 15. Kh1 Rb8 16. Ne4 Bg7 17. f5 exf5 18. gxf5 Ne5 19. Qg2 f6 20. fxg6 Nxg6 21. Rg1 Qxd3 22. Bf4 Rbe8 23. Nf2 Qb5 24. Rac1 Re2 25. Bd6 Rd8 26. Qg3 Qd5+ 27. Rg2 Rxd6 28. Rd1 Rd2 29. Rxd2 Qxd2 30. Ne4 Qc1+ 31. Rg1 Rd1 32. Qb8+ Bf8 33. Nxf6+ Kf7 34. Qxb7+ Be7 35. Qb3+ Kxf6 36. Rxd1 Qc6+ 37. Kg1 Bc5+ 38. Kf1 Qh1+ 39. Ke2 Qg2+ 40. Kd3 Ne5+ 41. Kc3 Qxh3+ 42. Kc2 Qf5+ 43. Kc1 Bf8 44. Qc2 Qxc2+ 45. Kxc2 Bc5 46. a3 h5 47. b4 Bb6 48. a4 h4 49. a5 Bf2 50. Kd2 Kg5 51. Ke2 Bg3 52. b5 Nc4 53. Ra1 h3 54. Kf1 Nd2+ 55. Kg1 Nf3+ 56. Kh1 Nd4 57. a6 Bc7 58. Rb1 Bb6 59. Kh2 Kg4 60. Rb4 Bc7+ 61. Kh1 Bb6 62. Kh2 Kh4 63. Rc4 Kg4 64. Rb4 Kh4   {Game drawn by repetition} 1/2-1/2

[Event "Team 45 45 League T25"]
[Site "Free Internet Chess Server"]
[Date "PST.01.0"]
[Round "4"]
[White "TrondTumyr"]
[Black "Pilia"]
[Result "0-1"]
[WhiteElo "1844"]
[BlackElo "1893"]
[TimeControl "2700+45"]

1. e4 e5 2. Nf3 Nc6 3. Bb5 a6 4. Ba4 Nf6 5. O-O Be7 6. Re1 b5 7. Bb3 O-O 8. c3 d5 9. exd5 Nxd5 10. Nxe5 Nxe5 11. Rxe5 c6 12. d4 Bd6 13. Re1 Qh4 14. h3 Bxh3 15. gxh3 Qxh3 16. Bxd5 cxd5 17. Re3 Bh2+   {White resigns} 0-1

[Event "Team 45 45 League T25"]
[Site "Free Internet Chess Server"]
[Date "2005.01.10"]
[Round "4"]
[White "Plattner"]
[Black "mandragora"]
[Result "0-1"]
[WhiteElo "1787"]
[BlackElo "1812"]
[TimeControl "2700+45"]

1. e4 e5 2. Nf3 Nc6 3. Bb5 a6 4. Ba4 Nf6 5. Bxc6 dxc6 6. d3 Bd6 7. h3 Qe7 8. Be3 Be6 9. Nc3 O-O-O 10. Qe2 Rhe8 11. g4 Kb8 12. Nd2 Nd7 13. Nb3 f6 14. f3 Bf7 15. Qf2 Nf8 16. O-O-O Ne6 17. Kb1 c5 18. Nd5 Qf8 19. f4 exf4 20. Nxf4 Nxf4 21. Bxf4 Bxf4 22. Qxf4 c4 23. Nc1 Qb4 24. c3 Qd6 25. Qxd6 Rxd6 26. dxc4 Rde6 27. Rd7 R6e7 28. Rhd1 Kc8 29. Rxe7 Rxe7 30. b3 Rxe4 31. Kb2 Re3 32. Rd3 Rxd3 33. Nxd3 Kd7 34. Kc1 Kd6 35. Kd2 Bg6 36. Nf4 Be4 37. Nh5 c6 38. Nxg7 Bg2 39. h4 Bh3 40. Nf5+ Ke5 41. Ne3 Kf4 42. g5 fxg5 43. hxg5 Kxg5 44. Ke2 Kf4 45. Kf2 Bf5 46. a3 Be4 47. b4 h5 48. a4 h4 49. b5 h3 50. Nf1 Bd3 51. Nd2 axb5 52. cxb5 cxb5 53. axb5 Bxb5 54. c4 Bc6 55. Kg1 Ke3 56. Nb3 Kd3 57. Na5 Bg2 58. Kh2 b6 59. Nb3 Kxc4   {White resigns} 0-1

[Event "Team 45 45 League T25"]
[Site "Free Internet Chess Server"]
[Date "2005.01.10"]
[Round "4"]
[White "malevolentmick"]
[Black "JoeytheBudgie"]
[Result "1-0"]
[WhiteElo "1632"]
[BlackElo "1719"]
[TimeControl "2700+45"]

1. e4 c5 2. Nf3 d6 3. d4 cxd4 4. Nxd4 Nf6 5. Nc3 a6 6. Be2 e6 7. O-O Be7 8. Be3 O-O 9. f4 Qc7 10. Qe1 b5 11. a3 Nbd7 12. Qg3 Re8 13. Rad1 Bb7 14. e5 dxe5 15. fxe5 Ne4 16. Qf4 f5 17. Nxe6 Nxc3 18. bxc3 Qc6 19. Bf3 Qxe6 20. Bxb7 g5 21. Qxf5 Qxf5 22. Rxf5 Rad8 23. Bxg5 Nc5 24. Rxd8 Rxd8 25. Bf3 Bxg5 26. Rxg5+ Kf7 27. Rg4 Rd2 28. c4 Rxc2 29. cxb5 Nd3 30. Bd5+ Ke8 31. Rc4 Re2 32. Kf1 Rxe5 33. Re4 axb5 34. Bc6+ Ke7 35. Rxe5+ Nxe5 36. Bxb5 Kd6 37. a4 Kc5 38. Kf2 Nf7 39. Bd3 h6 40. a5 Ne5 41. Ke2 Nc6 42. a6 Kb6 43. Kf3 Ne5+ 44. Ke4 Ng4 45. h3 Nf2+ 46. Ke3 Nd1+ 47. Kf4 Nf2 48. Be2 Nh1 49. Kf3   {Black resigns} 1-0

[Event "Team 45 45 League T25"]
[Site "Free Internet Chess Server"]
[Date "PST.01.0"]
[Round "4"]
[White "KymF"]
[Black "fileman"]
[Result "1-0"]
[WhiteElo "2099"]
[BlackElo "1874"]
[TimeControl "2700+45"]

1. d4 Nc6 2. e4 e5 3. d5 Nce7 4. Nf3 Ng6 5. h4 h5 6. Bg5 Nf6 7. Nc3 Be7 8. Qd2 d6 9. O-O-O Bg4 10. Be2 a6 11. g3 Qd7 12. Ng1 Bxe2 13. Ngxe2 Ng4 14. Rdf1 Bxg5 15. hxg5   {Black resigns} 1-0

[Event "Team 45 45 League T25"]
[Site "Free Internet Chess Server"]
[Date "PST.01.0"]
[Round "4"]
[White "lodda"]
[Black "nham"]
[Result "0-1"]
[WhiteElo "1967"]
[BlackElo "1994"]
[TimeControl "2700+45"]

1. d4 f5 2. Nf3 Nf6 3. Bf4 g6 4. e3 Bg7 5. h3 d6 6. Nbd2 Nc6 7. Bc4 e6 8. c3 O-O 9. g4 fxg4 10. hxg4 d5 11. Bd3 Nxg4 12. Rxh7 e5 13. Rxg7+ Kxg7 14. dxe5 Qe7 15. Bg5 Qe8 16. Qa4 Ncxe5 17. Qd4 Qe6 18. Bf4 Rxf4 19. exf4 c5 20. Ng5 cxd4 21. Nxe6+ Bxe6 22. fxe5 dxc3 23. Nf3 cxb2 24. Rb1 b6 25. Rxb2 Rc8 26. Nd4 Bg8 27. Re2 Rc3 28. Ba6 Kf8 29. f3 Nh6 30. Nb5 Rxf3 31. Nxa7 Ra3 32. Rf2+ Nf5 33. Bc8 Rxa7 34. Bxf5 gxf5 35. Rxf5+ Ke7 36. Rf6 Be6 37. Rf2 Kd7 38. Rg2 Ra4 39. Rg7+ Kc6 40. Rg6 Re4+ 41. Kd2 Rxe5 42. Kd3 Kc5 43. Rg7 Bf5+ 44. Kc3 Re3+ 45. Kd2 Ra3   {White resigns} 0-1

[Event "Team 45 45 League T25"]
[Site "Free Internet Chess Server"]
[Date "PST.01.0"]
[Round "4"]
[White "wester"]
[Black "Huevon"]
[Result "0-1"]
[WhiteElo "1918"]
[BlackElo "1945"]
[TimeControl "2700+45"]

1. d4 e6 2. c4 f5 3. Nf3 Nf6 4. g3 b6 5. Bg2 Bb7 6. O-O Be7 7. Nc3 O-O 8. Qc2 Qe8 9. a3 d6 10. b4 Nbd7 11. Ng5 Bxg2 12. Kxg2 Bd8 13. d5 exd5 14. cxd5 Qg6 15. Ne6 Re8 16. Nd4 Ne4 17. Nxe4 fxe4 18. Ne6 Bf6 19. Qxc7 Bxa1 20. Qxd7 Be5 21. Bg5 h6 22. Bf4 Bxf4 23. Nxf4 Qf6 24. Ne6 Qe7 25. Qxe7 Rxe7 26. Rc1 b5 27. Rc3 a5 28. Re3 axb4 29. axb4 Ra2 30. Rxe4 Rd2 31. Kf3 Rxd5 32. Nf4 Rxe4 33. Kxe4 Re5+ 34. Kd3 Kf7 35. h4 g5 36. hxg5 hxg5 37. Ng2 Rd5+ 38. Ke3 Rd1 39. f4 Kf6 40. fxg5+ Kxg5 41. Nf4 Kg4 42. Nd3 Kxg3 43. Ke4 Rd2 44. e3 d5+ 45. Kd4 Kf3 46. Kxd5 Kxe3 47. Kc5 Rxd3 48. Kxb5 Kd4 49. Kc6 Rc3+   {White resigns} 0-1

[Event "Team 45 45 League T25"]
[Site "Free Internet Chess Server"]
[Date "PST.01.0"]
[Round "4"]
[White "Pilia"]
[Black "noHz"]
[Result "1-0"]
[WhiteElo "1902"]
[BlackElo "1840"]
[TimeControl "2700+45"]

1. e4 c5 2. Nc3 e6 3. Nf3 Nc6 4. d4 cxd4 5. Nxd4 a6 6. g3 Nf6 7. Bg2 d6 8. Bg5 Be7 9. Nxc6 bxc6 10. Bxf6 gxf6 11. O-O O-O 12. b3 Qa5 13. Na4 Bb7 14. Qe2 d5 15. exd5 cxd5 16. c4 Rfd8 17. Qg4+ Kh8 18. Qh5 Kg8 19. cxd5 Rxd5 20. Bxd5 Bxd5 21. Rac1 f5 22. Qe2 Bf6 23. Rfd1 Qb4 24. Nc5 a5 25. Nd7 Bg7 26. Rc7 Qd6 27. Rdc1 Rd8 28. Qb5 Bb2 29. Rc8 Rxc8 30. Rxc8+ Kg7 31. Qe2 Bd4 32. Qd2 Bf6 33. Nxf6 Kxf6 34. Qh6+ Ke7 35. Qf8+ Kd7 36. Qd8#   {Black checkmated} 1-0

[Event "Team 45 45 League T25"]
[Site "Free Internet Chess Server"]
[Date "PST.01.0"]
[Round "4"]
[White "plume"]
[Black "Bengbula"]
[Result "0-1"]
[WhiteElo "1938"]
[BlackElo "2079"]
[TimeControl "2700+45"]

1. Nf3 e6 2. g3 f5 3. Bg2 Nf6 4. O-O Be7 5. c4 O-O 6. d4 d6 7. Nc3 Qe8 8. b4 Nc6 9. b5 Nd8 10. a4 Qh5 11. a5 a6 12. Qb3 Nf7 13. c5 dxc5 14. Ba3 Ne4 15. Nxe4 fxe4 16. Nd2 axb5 17. Qxb5 e5 18. dxc5 Ra6 19. Nxe4 Rh6 20. h4 Bxh4 21. Qd3 Bg5 22. Rfe1 Qh2+ 23. Kf1 Bh3 24. e3 Qxg2+ 25. Ke2 Bg4+ 26. Kd2 Rd8 27. Qxd8+ Bxd8 28. c6 Qxe4 29. cxb7 Bf5 30. Kc3 Qc2+ 31. Kb4 Be7+ 32. Kb5 Bd7#   {White checkmated} 0-1

[Event "Team 45 45 League T25"]
[Site "Free Internet Chess Server"]
[Date "PST.01.0"]
[Round "4"]
[White "Nogger"]
[Black "grandesorciere"]
[Result "1-0"]
[WhiteElo "2071"]
[BlackElo "1893"]
[TimeControl "2700+45"]

1. c4 e5 2. Nc3 Nf6 3. Nf3 Nc6 4. e4 d6 5. d4 Bg4 6. d5 Nd4 7. Be3 Nxf3+ 8. gxf3 Bd7 9. Qb3 b6 10. h4 Nh5 11. O-O-O Be7 12. Bh3 a5 13. Bg4 Nf6 14. Bxd7+ Qxd7 15. h5 O-O 16. Rdg1 Kh8 17. h6 g6 18. Kb1 Nh5 19. Rh2 f5 20. Qc2 f4 21. Bd2 Rf7 22. Nb5 Bf8 23. Bc3 Bxh6 24. Qd3 Bg7 25. Rgh1 Kg8 26. Rg1 Kf8 27. Rhh1 Ke7 28. Qc2 Rg8 29. Na7 Nf6 30. Nc6+ Ke8 31. Qb3 Kf8 32. Qa3 Ke8 33. b4 Qc8 34. bxa5 bxa5 35. Ka1 Rff8 36. c5 dxc5 37. Qxc5 Qd7 38. Rg5 Nh5 39. Bxe5 Qd6 40. Qxa5 Rf5 41. Rxf5 gxf5 42. Bxg7 Nxg7 43. e5 Qf8 44. Qxc7   {Black resigns} 1-0

[Event "Team 45 45 League T25"]
[Site "Free Internet Chess Server"]
[Date "2005.01.10"]
[Round "4"]
[White "RomaLavrn"]
[Black "fege"]
[Result "0-1"]
[WhiteElo "1787"]
[BlackElo "2026"]
[TimeControl "2700+45"]

1. c4 Nf6 2. Nc3 g6 3. e4 d6 4. d4 Bg7 5. f3 O-O 6. Be3 c5 7. Nge2 Nc6 8. Qd2 e6 9. dxc5 dxc5 10. Qxd8 Rxd8 11. Bxc5 Nd7 12. Be3 Nde5 13. Ng3 b6 14. Rd1 Ba6 15. Nb5 Rxd1+ 16. Kxd1 Rd8+ 17. Kc2 Nb4+ 18. Kb3 Nbd3 19. Be2 Nxb2 20. Bd4 Nbxc4 21. Bxe5 Na5+ 22. Kc2 Bxb5 23. Bxg7 Bxe2 24. Bf6 Rc8+ 25. Kd2 Bc4 26. Rc1 Rc6 27. Ne2 Bxa2 28. Rxc6 Nxc6 29. Nd4 Nxd4 30. Bxd4 Kf8 31. g3 Ke7 32. Kc3 Kd6 33. Kb4 Kc6 34. f4 Bb1 35. e5 Kd5 36. Bc3 Bd3 37. Be1 Ke4 38. Kc3 Bf1 39. Kd2 Bh3 40. Ke2 Kd4 41. Kd2 h6 42. Bf2+ Ke4 43. Ke2 Bg4+ 44. Kd2 Kf3 45. Be1 Bh3 46. Kc3 Kg2 47. Kb4 Kxh2 48. Kb5 Bf1+ 49. Kc6 g5 50. Kb7 gxf4 51. gxf4 Kh3 52. Kxa7 b5 53. Kb6 Kg4 54. Kc5 h5 55. Kd4 Kxf4 56. Bd2+ Kg4 57. Ke3 h4 58. Kf2 Bc4 59. Kg2 h3+ 60. Kh2 Bf1 61. Bc3 Kf5 62. Kg3 Ke4 63. Kh2 Kd3 64. Be1 Kc4 65. Kg1 Bg2   {White resigns} 0-1

[Event "Team 45 45 League T25"]
[Site "Free Internet Chess Server"]
[Date "PST.01.0"]
[Round "4"]
[White "ymy"]
[Black "fismoluni"]
[Result "0-1"]
[WhiteElo "1743"]
[BlackElo "1661"]
[TimeControl "2700+45"]

1. e4 c5 2. Nf3 d6 3. d4 cxd4 4. Nxd4 Nf6 5. Nc3 a6 6. f3 e5 7. Nb3 Be6 8. Be3 Nbd7 9. g4 Be7 10. Qd2 h6 11. h4 b5 12. O-O-O Nb6 13. Qf2 Nfd7 14. Nd5 Bxd5 15. exd5 Nc4 16. Bd2 Rc8 17. Bxc4 bxc4 18. Ba5 cxb3 19. Bxd8 Rxc2+ 20. Qxc2 bxc2 21. Kxc2 Kxd8 22. Rd3 Kc7 23. h5 Kb7 24. b4 Bg5 25. a4 Nb6 26. Kb3 Rc8 27. Rh2 Nd7 28. a5 Nf6 29. Re2 Re8 30. Ka4 g6 31. hxg6 fxg6 32. Rc2 e4 33. fxe4 Rxe4 34. Rc6 Bf4 35. Rb6+ Ka7 36. Rc6 Re7 37. b5 Re4+ 38. Kb3 axb5 39. Rc7+ Ka6 40. Rd1 Kxa5 41. Ra1+ Kb6 42. Rc6+ Kb7 43. Rd1 Nxd5   {White resigns} 0-1

[Event "Team 45 45 League T25"]
[Site "Free Internet Chess Server"]
[Date "PST.01.0"]
[Round "4"]
[White "MStav"]
[Black "fismoluni"]
[Result "1-0"]
[WhiteElo "1722"]
[BlackElo "1653"]
[TimeControl "2700+45"]

1. d4 d5 2. Nf3 Nf6 3. Bf4 c5 4. c3 Qb6 5. Qb3 Nc6 6. e3 c4 7. Qxb6 axb6 8. Nbd2 b5 9. Be2 Bf5 10. O-O e6 11. Nh4 Bg4 12. Bxg4 Nxg4 13. h3 Nf6 14. Nhf3 Be7 15. Ne5 O-O 16. b3 Nxe5 17. Bxe5 Nd7 18. Bh2 Ba3 19. Rfb1 Ra7 20. b4 Nb6 21. Bd6 Rfa8 22. Bc5 Ra6 23. Bxb6 Rxb6 24. Kf1 f6 25. Ke2 Kf7 26. Kd1 Rba6 27. Kc2 Kg6 28. e4 Re8 29. Re1 Kf7 30. Re2 Rea8 31. exd5 exd5 32. f4 g6 33. g4 h6 34. Rae1 Bxb4 35. cxb4 Rxa2+ 36. Kc1 R2a4 37. Re7+ Kf8 38. Rxb7 Rxb4 39. Ree7 Ra1+ 40. Kc2 Rh1 41. Rh7 Kg8 42. Rhc7 Rxh3 43. Rc8#   {Black checkmated} 1-0

[Event "Team 45 45 League T25"]
[Site "Free Internet Chess Server"]
[Date "2005.01.11"]
[Round "4"]
[White "CleverBanana"]
[Black "BIRDSMAN"]
[Result "1/2-1/2"]
[WhiteElo "1688"]
[BlackElo "1561"]
[TimeControl "2700+45"]

1. e4 c5 2. Nf3 d6 3. d4 cxd4 4. Nxd4 Nf6 5. Nc3 e6 6. Bg5 Nbd7 7. Bb5 Be7 8. O-O h6 9. Bh4 a6 10. Bxd7+ Nxd7 11. Bg3 O-O 12. f4 Qb6 13. Rb1 e5 14. Bf2 exd4 15. Bxd4 Qd8 16. Nd5 Nf6 17. Nxe7+ Qxe7 18. e5 dxe5 19. Bxe5 Rd8 20. Qf3 Be6 21. a3 Rac8 22. c3 Rd2 23. Bxf6 gxf6 24. Rfd1 Rxd1+ 25. Rxd1 Rd8 26. Rxd8+ Qxd8 27. Qxb7 Qd1+ 28. Kf2 Qd2+ 29. Kg3 Bd5 30. Qc8+ Kg7 31. Qg4+ Kf8 32. Qc8+ Ke7 33. Qc7+ Ke6 34. Qc8+ Ke7 35. Qc7+ Kf8 36. Qc8+ Kg7 37. Qg4+   {Game drawn by mutual agreement} 1/2-1/2

[Event "Team 45 45 League T25"]
[Site "Free Internet Chess Server"]
[Date "PST.01.0"]
[Round "4"]
[White "Vinoblanca"]
[Black "thelovegambit"]
[Result "0-1"]
[WhiteElo "1516"]
[BlackElo "1580"]
[TimeControl "2700+45"]

1. d4 Nf6 2. c4 e6 3. Nc3 b6 4. Nf3 Bb7 5. e3 d5 6. Qa4+ Nbd7 7. Be2 Be7 8. b3 O-O 9. Ba3 c5 10. b4 Qc7 11. O-O dxc4 12. bxc5 bxc5 13. Qxc4 Nb6 14. Qb5 a6 15. Qb2 Ng4 16. h3 Bxf3 17. hxg4 Bxe2 18. Nxe2 Nc4 19. Qc3 Nxa3 20. Qxa3 cxd4 21. Rac1 Bxa3 22. Rxc7 dxe3 23. fxe3 Rac8 24. Ra7 Rc6 25. Rb1 Bc5 26. Rd7 Bxe3+ 27. Kf1 Rfc8 28. Rbb7 Rf8 29. Ng3 h6 30. Ne4 Bf4 31. g3 Be5 32. g5 Rc4 33. Nd2 Rg4 34. Nf3 Bxg3 35. gxh6 gxh6 36. Ke2 h5 37. Rb1 h4 38. Rg1 f5 39. Ra7 Re4+ 40. Kd3 Rd8+ 41. Nd4   {White resigns} 0-1

[Event "Team 45 45 League T25"]
[Site "Free Internet Chess Server"]
[Date "PST.01.0"]
[Round "4"]
[White "SamuraiGoroh"]
[Black "hotjazz"]
[Result "0-1"]
[WhiteElo "1416"]
[BlackElo "1321"]
[TimeControl "2700+45"]

1. e4 e6 2. d4 d5 3. e5 c5 4. Bb5+ Nc6 5. c3 Qb6 6. Bxc6+ Qxc6 7. Nf3 b6 8. O-O Ba6 9. Re1 h6 10. Be3 Ne7 11. a3 O-O-O 12. dxc5 bxc5 13. b4 d4 14. cxd4 Nf5 15. Qc1 c4 16. a4 Bxb4 17. Bd2 Bxd2 18. Qxd2 Rd5 19. Nc3 Rhd8 20. Nxd5 Qxd5 21. Red1 Bb7 22. Rac1 g5 23. h3 a5 24. Qc3 Ba6 25. Qb2 Kd7 26. Qb6 Bb7 27. Qb5+ Bc6 28. Qxd5+ Bxd5 29. Rc3 Rb8 30. Ra1 Ke7 31. Nd2 Nxd4 32. Nxc4 Ne2+ 33. Kh2 Nxc3 34. Nxa5 Ra8 35. Rc1 Nxa4 36. Rc7+ Kd8 37. Rxf7 Rxa5 38. g3 Nc3 39. f4 Ra2+ 40. Kg1 Ne2+ 41. Kf2 Nxf4+ 42. Ke3 Re2+ 43. Kd4 Nxh3 44. Rh7 Re4+ 45. Kc5 Rc4+ 46. Kb6 Rc6+ 47. Kb5 Rc7 48. Rxh6 Rb7+ 49. Kc5 g4 50. Rh8+ Kc7 51. Rh7+ Kb8 52. Rh8+ Ka7 53. Rg8 Nf2 54. Rf8 Ne4+ 55. Kd4 Nxg3 56. Rg8 Nf5+ 57. Kc5 g3 58. Rg6 Rc7+ 59. Kb4 g2 60. Rg4 Ka6 61. Ka3 Rc3+ 62. Kb2 Rb3+ 63. Kc2 Kb5 64. Rxg2 Ne3+ 65. Kd2 Nxg2 66. Kc2 Kb4 67. Kd2 Nf4 68. Ke1 Nd3+ 69. Kd2 Nxe5 70. Ke2 Bc4+ 71. Kf2 Kc3 72. Ke3 Kc2+ 73. Kd4 Rd3+ 74. Kxe5 Re3+ 75. Kd4 Kd2 76. Kxc4 Rd3 77. Kb4 e5 78. Kc4 e4 79. Kb5 e3 80. Kc6 e2 81. Kb5 e1=Q 82. Kc4 Qc1+ 83. Kb4 Rc3 84. Ka4 Qb1 85. Ka5 Ra3#   {White checkmated} 0-1

[Event "Team 45 45 League T25"]
[Site "Free Internet Chess Server"]
[Date "PST.01.0"]
[Round "4"]
[White "phorku"]
[Black "Holyphant"]
[Result "1-0"]
[WhiteElo "1491"]
[BlackElo "1600"]
[TimeControl "2700+45"]

1. e4 c5 2. Bc4 e6 3. d3 d5 4. exd5 exd5 5. Bb3 Be7 6. Nf3 Nf6 7. Nc3 O-O 8. Bd2 a6 9. Qe2 Nc6 10. Ne5 Nxe5 11. Qxe5 Bd6 12. Qg5 Re8+ 13. Kf1 d4 14. Nd5 Nxd5 15. Qxd5 Qc7 16. c3 Be6 17. Qf3 c4 18. dxc4 Bxc4+ 19. Bxc4 Qxc4+ 20. Kg1 b5 21. cxd4 Qxd4 22. Bc3 Qc5 23. b4 Qc4 24. h4 Bxb4 25. Rh3 Bd6 26. g4 Rac8 27. Ba5 Re4 28. g5 Rg4+ 29. Kh1 Rxh4 30. Rxh4 Qxh4+ 31. Kg1 Qxg5+ 32. Kf1 Re8 33. Qc6 Qe7 34. Re1 Be5 35. f4   {Black forfeits on time} 1-0

[Event "Team 45 45 League T25"]
[Site "Free Internet Chess Server"]
[Date "PST.01.0"]
[Round "4"]
[White "JayH"]
[Black "kballoloco"]
[Result "1-0"]
[WhiteElo "1455"]
[BlackElo "1550"]
[TimeControl "2700+45"]

1. e4 e5 2. Nf3 Nc6 3. a3 Nf6 4. Nc3 d6 5. h3 Be7 6. Bc4 O-O 7. d3 Bd7 8. g4 Nxg4 9. hxg4 Bxg4 10. Rg1 h5 11. Be3 Kh8 12. Qe2 f5 13. O-O-O fxe4 14. dxe4 Bxf3 15. Qd2 Bxd1 16. Qxd1 Qe8 17. Rh1 g6 18. Qg1 Qd7 19. Qxg6 h4 20. Qh6#   {Black checkmated} 1-0

[Event "Team 45 45 League T25"]
[Site "Free Internet Chess Server"]
[Date "PST.01.0"]
[Round "4"]
[White "Lamtarra"]
[Black "Berke"]
[Result "1-0"]
[WhiteElo "1531"]
[BlackElo "1528"]
[TimeControl "2700+45"]

1. e4 e5 2. Nf3 Nf6 3. d3 Nc6 4. c3 Be7 5. g3 d6 6. Bg2 Bg4 7. O-O Rc8 8. h3 Bh5 9. Nbd2 Nb8 10. Re1 Nbd7 11. b4 a6 12. Nf1 O-O 13. Ne3 Bg6 14. Nh4 Nh5 15. Nxg6 fxg6 16. Bf3 Nhf6 17. Ng4 Qe8 18. d4 Nxg4 19. Bxg4 Qf7 20. Rf1 Rcd8 21. d5 Nf6 22. Be6   {Black resigns} 1-0

[Event "Team 45 45 League T25"]
[Site "Free Internet Chess Server"]
[Date "PST.01.0"]
[Round "4"]
[White "mrmahoon"]
[Black "twotowers"]
[Result "1-0"]
[WhiteElo "1599"]
[BlackElo "1613"]
[TimeControl "2700+45"]

1. e4 d6 2. d4 g6 3. Nc3 Bg7 4. Nf3 Nf6 5. Be2 O-O 6. O-O Nbd7 7. Be3 e5 8. d5 Nc5 9. Bxc5 dxc5 10. Bd3 Ne8 11. b3 Nd6 12. h3 f5 13. Qd2 fxe4 14. Bxe4 Nxe4 15. Nxe4 Bf5 16. Rfe1 Qe7 17. c4 Rad8 18. Qe3 b6 19. Rad1 h6 20. Ng3 e4 21. Nxe4 Bxe4 22. Qxe4 Qd6 23. Qe6+ Kh7 24. Qxd6 Rxd6 25. Re7 Rc8 26. Ne5 Kg8 27. Nc6 Bf6 28. Re6 Rxe6 29. dxe6 a5 30. Rd7 Kf8 31. e7+ Ke8 32. Rd5 Kf7 33. Rd8 Rxd8 34. exd8=Q Bxd8 35. Nxd8+ Ke7 36. Nc6+ Kd6 37. Na7 c6 38. Nc8+ Kc7 39. Ne7 g5 40. Nf5 h5   {Black resigns} 1-0

[Event "Team 45 45 League T25"]
[Site "Free Internet Chess Server"]
[Date "PST.01.0"]
[Round "4"]
[White "xplan"]
[Black "tjraczko"]
[Result "1-0"]
[WhiteElo "1551"]
[BlackElo "1578"]
[TimeControl "2700+45"]

1. e4 e5 2. Nf3 Nc6 3. Nc3 Nf6 4. Bb5 Nd4 5. Nxe5 Qe7 6. Nf3 Nxe4 7. Nd5 Qc5 8. Nxd4 Qxd5 9. d3 Nxf2 10. Qe2+ Be7 11. Qxf2 O-O 12. O-O Bf6 13. Be3 Bxd4 14. Bc4 Bxe3 15. Qxe3 Qh5 16. Rae1 b5 17. Bxf7+   {Black resigns} 1-0

[Event "Team 45 45 League T25"]
[Site "Free Internet Chess Server"]
[Date "PST.01.0"]
[Round "4"]
[White "couv"]
[Black "RFFISCHER"]
[Result "0-1"]
[WhiteElo "1502"]
[BlackElo "1595"]
[TimeControl "2700+45"]

1. d4 d5 2. Nf3 Nf6 3. Bg5 Nbd7 4. Nbd2 e6 5. e3 c6 6. Bd3 Be7 7. c3 Qc7 8. Qc2 O-O 9. Bxh7+ Kh8 10. Bd3 Ng8 11. Bxe7 Nxe7 12. Ng5 e5 13. Qd1 Nf6 14. dxe5 Qxe5 15. Ndf3 Qd6 16. h3 Bf5 17. Nd4 Bxd3 18. Qxd3 g6 19. O-O-O Kg7 20. f4 Nh5 21. Ne2 b5 22. g4 Nf6 23. e4 Qc5 24. Qd4 Qxd4 25. Rxd4 c5 26. Rd2 dxe4 27. Ng3 e3 28. Rd6 Rh8 29. N5e4 Nxg4 30. Nxc5 Nf2 31. Re1 Nxh3 32. Rxe3 Ng8 33. Rf3 Rc8 34. Nd3 Nf6 35. f5 Ng5 36. fxg6 Nxf3 37. Nf5+ Kxg6 38. Ne7+ Kg7 39. Nxc8 Rxc8 40. Kc2 Nd2 41. Rxf6 Kxf6 42. Kxd2 Re8 43. b4 Kg5 44. Nc5 f5 45. Nd3 f4 46. Nf2 f3 47. Kd3 Kf4 48. Nd1 Kg3 49. a3 Rd8+ 50. Kc2 Rxd1 51. Kxd1 f2 52. c4 f1=Q+ 53. Kc2 Qxc4+ 54. Kb2 Qd3 55. Ka2 Qc2+ 56. Ka1 Qb3 57. a4 Qxa4+ 58. Kb2 Qxb4+ 59. Ka1 a5 60. Ka2 Qc3 61. Kb1 b4 62. Ka2 b3+ 63. Kb1 Qc2+ 64. Ka1 Qa2#   {White checkmated} 0-1

[Event "Team 45 45 League T25"]
[Site "Free Internet Chess Server"]
[Date "PST.01.0"]
[Round "4"]
[White "TStrobaugh"]
[Black "anish"]
[Result "1-0"]
[WhiteElo "1409"]
[BlackElo "1522"]
[TimeControl "2700+45"]

1. e4 e5 2. Nf3 Nc6 3. Bb5 d6 4. O-O Ne7 5. d3 Bd7 6. Ng5 Nd4 7. Bc4 d5 8. exd5 f6 9. d6 fxg5 10. dxe7 Qxe7 11. Be3 Nc6 12. Nd2 O-O-O 13. Nf3 h6 14. Nd2 Qf6 15. Ne4 Qe7 16. h3 Bf5 17. Nc5 Qe8 18. Qf3 Nd4 19. Bxd4 Bxc5 20. Qxf5+ Kb8 21. Bxc5 Rf8 22. Bxf8   {Black resigns} 1-0

[Event "Team 45 45 League T25"]
[Site "Free Internet Chess Server"]
[Date "PST.01.0"]
[Round "4"]
[White "KlassAct"]
[Black "Hartford"]
[Result "0-1"]
[WhiteElo "1363"]
[BlackElo "1454"]
[TimeControl "2700+45"]

1. e4 e5 2. Nf3 Nf6 3. Nc3 Nc6 4. Bc4 Nxe4 5. Nxe4 d5 6. Bd3 dxe4 7. Bxe4 Bd6 8. Bxc6+ bxc6 9. h3 Ba6 10. d3 O-O 11. Ng5 Bb4+ 12. Bd2 Qxg5 13. Bxb4 Qxg2 14. Rf1 Rfb8 15. Bc3 e4 16. Qd2 exd3 17. O-O-O dxc2   {White resigns} 0-1

[Event "Team 45 45 League T25"]
[Site "Free Internet Chess Server"]
[Date "PST.01.0"]
[Round "4"]
[White "hotjazz"]
[Black "Triplea"]
[Result "0-1"]
[WhiteElo "1344"]
[BlackElo "1320"]
[TimeControl "2700+45"]

1. e4 e5 2. Nf3 Nc6 3. d4 exd4 4. Bc4 Be7 5. O-O Nf6 6. e5 Ne4 7. Re1 d5 8. Bb3 Bg4 9. Qd3 Bxf3 10. gxf3 Nxe5 11. Qb5+ c6 12. Qf1 Nxf3+ 13. Kh1 Nxe1 14. Qxe1 Qd6 15. c3 Qe5 16. cxd4 Qxd4 17. Nc3 Nxf2+ 18. Kg2 Nd3 19. Qe2 Nxc1 20. Rxc1 Qf6 21. Kh1 O-O 22. Rf1 Qd6 23. Nd1 Rfe8 24. Bc2 Bh4 25. Qh5 Qh6 26. Qxf7+ Kh8 27. Nc3 Bf6 28. Bf5 Re7 29. Qe6 Rxe6 30. Bxe6 Re8 31. Bf7 Re3 32. Na4 Qh3 33. Nc5 Qxf1#   {White checkmated} 0-1